AoeStats
← kqlymon

Arabia

504164638Analyzed
1v1 RM · 27d ago on Sep 4, 2026· 35m 8s· 2 players
Game mode
Random Map
Map size
Tiny (2 player)
Population
200
Speed
Normal
Resources
Standard
Victory
Conquest
Starting age
Dark Age
Ending age
Imperial Age
RankedLock teamsTeams togetherTeam positionsShared explorationLock speedFull tech treeHidden civsTurbo modeCheats
Victory
Defeat
🇸🇬 Spanish · Singapore
1075
+17
🇳🇿 Magyars · New Zealand
1097
-17
kqlymon
9:54 Loom
11:39 Feudal Age
14:24 Double-Bit Axe
18:48 Castle Age
17:14 Horse Collar
18:26 Wheelbarrow
19:49 Bow Saw
19:41 Heavy Plow
19:33 Gold Mining
21:14 Padded Archer Armor
21:08 Fletching
22:43 Leather Archer Armor
25:09 Stone Mining
25:40 Bloodlines
25:31 Husbandry
27:29 Hand Cart
28:33 Town Watch
29:30 Ballistics
33:40 Murder Holes
33:56 Masonry
Windows97
6:50 Loom
9:38 Feudal Age
16:33 Wheelbarrow
19:24 Castle Age
17:59 Double-Bit Axe
17:55 Horse Collar
20:02 Fletching
20:12 Padded Archer Armor
21:45 Bow Saw
21:42 Gold Mining
22:27 Heavy Plow
23:22 Gold Shaft Mining
23:20 Hand Cart
23:14 Bodkin Arrow
24:46 Ballistics
24:32 Thumb Ring
24:44 Elite Skirmisher
27:44 Bloodlines
27:39 Husbandry
29:20 Hand Cart
31:06 Leather Archer Armor
Connection lost

Rejoining the realm…

Still unreachable

The connection could not be restored.

Session expired

The server has moved on; the page needs a fresh start.